Influenza vs Staline (R2)

Created - 9 septembre 2014 at 19:35

Simulating a Pre-Season

Goals
1 2 3 T
Influenza 1 2 0 3
Staline 1 3 1 5
Shots
1 2 3 T
Influenza 7 13 7 27
Staline 15 14 10 39

1st period

1. Staline , Cam Janssen 1 (Mason Raymond, Yan Stastny) at 7:45 (PP)
2. Influenza , Pierre-Cédric Labrie 1 (Ben Smith, Zac Dalpe) at 17:42

Penalties :
Theo Peckham (StJ) for Slashing (Minor) at 3:59, Corey Tropp (VJB) for Holding Stick (Minor) at 7:13, Theo Peckham (StJ) for Roughing (Minor) at 13:02, Robbie Earl (VJB) for Slashing (Minor) at 17:57

2nd period

3. Influenza , Martins Karsums 1 (Mathieu Carle, Ryan Carter) at 0:21
4. Influenza , Ryan Carter 1 (Robbie Earl, Martins Karsums) at 5:31
5. Staline , Andrei Loktionov 1 (Nick Spaling) at 7:38
6. Staline , Cam Janssen 2 (Yan Stastny, Mason Raymond) at 9:05
7. Staline , Mathieu Perreault 1 (James Sheppard, Jared Boll) at 15:05

Penalties :
Stu Bickel (StJ) for Tripping (Minor) at 9:23, Corey Tropp (VJB) for Holding (Minor) at 17:59

3rd period

8. Staline , Mathieu Perreault 2 (Aaron Ness, James Sheppard) at 18:44

Penalties :
Yan Stastny (StJ) for High sticking (Minor) at 3:29, Mathieu Perreault (StJ) for Delaying the game (Minor) at 7:45, Eric Wellwood (VJB) for Hooking (Minor) at 10:12, Andrei Loktionov (StJ) for Elbowing (Minor) at 15:30

Goalie Stats

Alex Stalock (VJB), 34 saves from 39 shots - (0,872), L, 0-1-0, 60:00 minutes
Joni Ortio (StJ), 24 saves from 27 shots - (0,889), W, 1-0-0, 60:00 minutes

Players Stats for Influenza

Player Name              G  A  P  +/- PIM S  H  SB GA TA FO     MP     PP MP  PK MP  
------------------------------------------------------------------------------------
Alexander Sulzer         0  0  0   1  0   4  1  4  0  1  0/0    29:29   7:15   4:17 
Ben Smith                0  1  1   0  0   0  1  0  1  1  0/0    17:16   5:10   0:00 
Carl Gunnarsson          0  0  0  -1  0   2  0  0  1  2  0/0    20:20   4:39   2:12 
Cody McCormick           0  0  0  -1  0   1  1  1  0  0  3/4    13:44   5:10   0:50 
Colby Robak              0  0  0  -1  0   0  0  1  0  1  0/0    10:11   0:00   0:00 
Corey Tropp              0  0  0   0  4   0  1  0  0  0  0/0     7:40   0:00   0:00 
Eric Wellwood            0  0  0   0  2   0  0  1  0  0  0/0     8:54   0:00   0:53 
Jaime Sifers             0  0  0  -1  0   0  2  3  0  0  0/0    20:20   4:39   2:12 
Jeff Petry               0  0  0  -1  0   0  0  0  0  1  0/0    10:11   0:00   0:00 
Jeremy Morin             0  0  0  -1  0   1  0  0  0  0  0/2    10:02   0:15   1:08 
Marek Zagrapan           0  0  0   0  0   1  2  0  0  0  2/5     9:08   0:26   0:17 
Martins Karsums          1  1  2   0  0   6  0  1  1  0  1/2    21:02   6:29   1:25 
Mathieu Carle            0  1  1   1  0   4  3  2  0  2  0/0    29:29   7:15   4:17 
Pierre-Cédric Labrie     1  0  1   0  0   3  0  0  0  0  1/2    18:58   5:10   1:25 
Robbie Earl              0  1  1   0  2   3  1  1  0  0  3/7    22:14   6:29   2:52 
Ryan Carter              1  1  2   0  0   2  2  3  1  0  13/33  22:55   6:18   3:46 
Ryan Russell             0  0  0  -1  0   0  2  0  1  0  0/0     8:16   0:00   0:22 
Zac Dalpe                0  1  1   0  0   0  0  0  2  1  5/7    13:18   0:15   0:00 

Players Stats for Staline

Player Name              G  A  P  +/- PIM S  H  SB GA TA FO     MP     PP MP  PK MP  
------------------------------------------------------------------------------------
Aaron Ness               0  1  1   2  0   0  2  0  0  0  0/0    11:58   0:00   0:00 
Andrei Loktionov         1  0  1   1  2   4  5  0  0  0  9/16   17:40   3:05   2:38 
Cam Janssen              2  0  2  -1  0   5  0  3  2  1  1/1    22:48   3:24   5:43 
Danny Kristo             0  0  0   0  0   2  0  2  1  0  0/0     5:26   0:00   0:00 
Greg Pateryn             0  0  0   2  0   0  1  0  0  0  0/0    14:19   0:00   2:54 
J.T. Wyman               0  0  0   1  0   2  0  0  1  0  0/0    14:56   3:05   0:00 
James Sheppard           0  2  2   1  0   3  3  0  1  0  0/1    10:23   0:00   0:16 
Jared Boll               0  1  1   1  0   5  0  0  0  0  1/1    10:08   0:02   0:00 
Mason Raymond            0  2  2  -1  0   3  0  0  1  0  0/0    21:43   3:22   4:34 
Mathieu Perreault        2  0  2   1  2   4  1  0  1  0  2/5    10:33   0:00   0:00 
Michael Raffl            0  0  0   0  0   0  1  0  0  0  0/1     9:56   0:00   3:57 
Nick Spaling             0  1  1   1  0   1  1  2  0  1  0/1    14:56   3:05   0:00 
Stu Bickel               0  0  0  -2  2   1  1  0  0  1  0/0    27:36   4:19   6:08 
Theo Peckham             0  0  0  -2  4   3  2  1  1  2  0/0    26:52   4:19   5:00 
Torey Krug               0  0  0   1  0   0  0  1  0  1  0/0    19:50   2:10   4:53 
Tyler Cuma               0  0  0   1  0   2  2  1  0  1  0/0    19:42   2:10   4:53 
Yan Stastny              0  2  2  -1  2   4  4  1  1  0  21/36  21:58   3:24   5:05 
Zac Rinaldo              0  0  0   0  0   0  1  0  0  0  0/0     7:16   0:00   1:35 

3 Stars

1 - Mathieu Perreault (StJ)
2 - Cam Janssen (StJ)
3 - Ryan Carter (VJB)

Power Play

Influenza - 0 on 6 Attempt(s) - 0,00%
Staline - 1 on 4 Attempt(s) - 25,00%

Penalty Kill

Influenza - 3 on 4 Attempt(s) - 75,00% - Score 0 goal in Penalty Kill
Staline - 6 on 6 Attempt(s) - 100,00% - Score 0 goal in Penalty Kill

Official

Referees : Banfield David and L'Ecuyer Frederick
Linesman : Pierre Racicot and Bryan Pancich

Game Notes

No Game Note

Influenza

5 vs 5 Forward 
   Center                   Left Wing                Right Wing               Time % Phy DF OF 
 1 Ryan Carter              Robbie Earl              Martins Karsums          40     1   2  2  
 2 Zac Dalpe                Pierre-Cédric Labrie     Ben Smith                30     1   2  2  
 3 Cody McCormick           Ryan Russell             Jeremy Morin             20     1   2  2  
 4 Marek Zagrapan           Eric Wellwood            Corey Tropp              10     1   2  2  

5 vs 5 Defense 
   Defense                  Defense                                           Time % Phy DF OF 
 1 Alexander Sulzer         Mathieu Carle                                     40     1   2  2  
 2 Jaime Sifers             Carl Gunnarsson                                   30     1   2  2  
 3 Jeff Petry               Colby Robak                                       20     1   2  2  
 4 Alexander Sulzer         Mathieu Carle                                     10     1   2  2  

PowerPlay Forward 
   Center                   Left Wing                Right Wing               Time % Phy DF OF 
 1 Ryan Carter              Robbie Earl              Martins Karsums          60     1   2  2  
 2 Cody McCormick           Pierre-Cédric Labrie     Ben Smith                40     1   2  2  

PowerPlay Defense
   Defense                  Defense                                           Time % Phy DF OF 
 1 Alexander Sulzer         Mathieu Carle                                     60     1   2  2  
 2 Jaime Sifers             Carl Gunnarsson                                   40     1   2  2  

Penalty Kill 4 Players Forward 
   Center                   Wing                     Time % Phy DF OF 
 1 Robbie Earl              Ryan Carter              60     1   2  2  
 2 Martins Karsums          Pierre-Cédric Labrie     40     1   2  2  

Penalty Kill 4 Players Defense
   Defense                  Defense                  Time % Phy DF OF 
 1 Alexander Sulzer         Mathieu Carle            60     1   2  2  
 2 Jaime Sifers             Carl Gunnarsson          40     1   2  2  

Penalty Kill - 3 Players Forward 
   Forward                                           Time % Phy DF OF 
 1 Robbie Earl                                       60     1   2  2  
 2 Ryan Carter                                       40     1   2  2  

Penalty Kill - 3 Players Defense
   Defense                  Defense                  Time % Phy DF OF 
 1 Alexander Sulzer         Mathieu Carle            60     1   2  2  
 2 Jaime Sifers             Carl Gunnarsson          40     1   2  2  

4 vs 4 Forward 
   Center                   Wing                     Time % Phy DF OF 
 1 Robbie Earl              Ryan Carter              60     1   2  2  
 2 Martins Karsums          Pierre-Cédric Labrie     40     1   2  2  

4 vs 4 Defense
   Defense                  Defense                  Time % Phy DF OF 
 1 Alexander Sulzer         Mathieu Carle            60     1   2  2  
 2 Jaime Sifers             Carl Gunnarsson          40     1   2  2  

Last Minutes Offensive
   Center                   Left Wing                Right Wing               Defense                  Defense                  
   Ryan Carter              Robbie Earl              Martins Karsums          Alexander Sulzer         Mathieu Carle            

Last Minutes Defensive
   Center                   Left Wing                Right Wing               Defense                  Defense                  
   Ryan Carter              Robbie Earl              Martins Karsums          Alexander Sulzer         Mathieu Carle            

Goaltenders
Starting : Alex Stalock             
Backup : Brent Krahn              

Extra Forwards
Normal : Marek Zagrapan, Zac Dalpe, Jeremy Morin - PP : Marek Zagrapan, Zac Dalpe - PK : Jeremy Morin
Extra Defensemen
Normal : Jeff Petry, Colby Robak, Jaime Sifers - PP : Jeff Petry - PK : Colby Robak, Jaime Sifers
Penalty Shots
Robbie Earl, Ryan Carter, Martins Karsums, Pierre-Cédric Labrie, Cody McCormick

Staline

5 vs 5 Forward 
   Center                   Left Wing                Right Wing               Time % Phy DF OF 
 1 Yan Stastny              Mason Raymond            Cam Janssen              40     1   2  2  
 2 Andrei Loktionov         Nick Spaling             J.T. Wyman               30     1   2  2  
 3 Mathieu Perreault        James Sheppard           Jared Boll               20     1   2  2  
 4 Zac Rinaldo              Michael Raffl            Danny Kristo             10     1   2  2  

5 vs 5 Defense 
   Defense                  Defense                                           Time % Phy DF OF 
 1 Stu Bickel               Theo Peckham                                      40     1   2  2  
 2 Tyler Cuma               Torey Krug                                        30     1   2  2  
 3 Aaron Ness               Greg Pateryn                                      20     1   2  2  
 4 Stu Bickel               Theo Peckham                                      10     1   2  2  

PowerPlay Forward 
   Center                   Left Wing                Right Wing               Time % Phy DF OF 
 1 Yan Stastny              Mason Raymond            Cam Janssen              60     1   2  2  
 2 Andrei Loktionov         Nick Spaling             J.T. Wyman               40     1   2  2  

PowerPlay Defense
   Defense                  Defense                                           Time % Phy DF OF 
 1 Stu Bickel               Theo Peckham                                      60     1   2  2  
 2 Tyler Cuma               Torey Krug                                        40     1   2  2  

Penalty Kill 4 Players Forward 
   Center                   Wing                     Time % Phy DF OF 
 1 Yan Stastny              Cam Janssen              60     1   2  2  
 2 Mason Raymond            Andrei Loktionov         40     1   2  2  

Penalty Kill 4 Players Defense
   Defense                  Defense                  Time % Phy DF OF 
 1 Stu Bickel               Theo Peckham             60     1   2  2  
 2 Tyler Cuma               Torey Krug               40     1   2  2  

Penalty Kill - 3 Players Forward 
   Forward                                           Time % Phy DF OF 
 1 Yan Stastny                                       60     1   2  2  
 2 Cam Janssen                                       40     1   2  2  

Penalty Kill - 3 Players Defense
   Defense                  Defense                  Time % Phy DF OF 
 1 Stu Bickel               Theo Peckham             60     1   2  2  
 2 Tyler Cuma               Torey Krug               40     1   2  2  

4 vs 4 Forward 
   Center                   Wing                     Time % Phy DF OF 
 1 Yan Stastny              Cam Janssen              60     1   2  2  
 2 Mason Raymond            Andrei Loktionov         40     1   2  2  

4 vs 4 Defense
   Defense                  Defense                  Time % Phy DF OF 
 1 Stu Bickel               Theo Peckham             60     1   2  2  
 2 Tyler Cuma               Torey Krug               40     1   2  2  

Last Minutes Offensive
   Center                   Left Wing                Right Wing               Defense                  Defense                  
   Yan Stastny              Mason Raymond            Cam Janssen              Stu Bickel               Theo Peckham             

Last Minutes Defensive
   Center                   Left Wing                Right Wing               Defense                  Defense                  
   Yan Stastny              Mason Raymond            Cam Janssen              Stu Bickel               Theo Peckham             

Goaltenders
Starting : Joni Ortio               
Backup : Martin Houle             

Extra Forwards
Normal : Jared Boll, James Sheppard, Michael Raffl - PP : Jared Boll, James Sheppard - PK : Michael Raffl
Extra Defensemen
Normal : Aaron Ness, Greg Pateryn, Tyler Cuma - PP : Aaron Ness - PK : Greg Pateryn, Tyler Cuma
Penalty Shots
Yan Stastny, Cam Janssen, Mason Raymond, Andrei Loktionov, J.T. Wyman

% Time on Ice - Influenza

Lines # - Real PCT - Wanted PCT - Time Play
Normal Forward
1 - 33% - 40% - 13:39
2 - 30% - 30% - 12:23
3 - 19% - 20% - 7:54
4 - 18% - 10% - 7:41
Normal Defense
1 - 40% - 40% - 16:45
2 - 32% - 30% - 13:29
3 - 24% - 20% - 10:11
4 - 3% - 10% - 1:12
PP Forward
1 - 57% - 60% - 6:44
2 - 43% - 40% - 5:10
PP Defense
1 - 61% - 60% - 7:15
2 - 39% - 40% - 4:39
PK Forward
1 - 78% - 60% - 5:04
2 - 22% - 40% - 1:25
PK Defense
1 - 66% - 60% - 4:17
2 - 34% - 40% - 2:12
PK3 Forward
1 - 0% - 60%
2 - 0% - 40%
PK3 Defense
1 - 0% - 60%
2 - 0% - 40%
44 Forward
1 - 0% - 60%
2 - 0% - 40%
44 Defense
1 - 0% - 60%
2 - 0% - 40%
Last Minute Offensive  - 0:00
Last Minute Defensive  - 0:00
Total
Forward - 60:00
Defense - 60:00

% Time on Ice - Staline

Lines # - Real PCT - Wanted PCT - Time Play
Normal Forward
1 - 34% - 40% - 14:14
2 - 28% - 30% - 11:51
3 - 24% - 20% - 10:06
4 - 13% - 10% - 5:26
Normal Defense
1 - 40% - 40% - 16:43
2 - 30% - 30% - 12:32
3 - 28% - 20% - 11:31
4 - 2% - 10% - 0:51
PP Forward
1 - 52% - 60% - 3:24
2 - 48% - 40% - 3:05
PP Defense
1 - 67% - 60% - 4:19
2 - 33% - 40% - 2:10
PK Forward
1 - 74% - 60% - 8:50
2 - 26% - 40% - 3:04
PK Defense
1 - 65% - 60% - 7:41
2 - 35% - 40% - 4:13
PK3 Forward
1 - 0% - 60%
2 - 0% - 40%
PK3 Defense
1 - 0% - 60%
2 - 0% - 40%
44 Forward
1 - 0% - 60%
2 - 0% - 40%
44 Defense
1 - 0% - 60%
2 - 0% - 40%
Last Minute Offensive  - 0:00
Last Minute Defensive  - 0:00
Total
Forward - 60:00
Defense - 60:00

Play by Play

1st period


0:01 of 1st period - Yan Stastny wins face-off versus Ryan Carter in neutral zone.
0:34 of 1st period - Snap shot by J.T. Wyman.
0:34 of 1st period - Shot Misses the Net.
0:56 of 1st period - Alexander Sulzer is hit by Michael Raffl.
1:16 of 1st period - Wrist shot by Jared Boll.
1:16 of 1st period - Shot Misses the Net.
1:50 of 1st period - Ben Smith is hit by Yan Stastny.
2:36 of 1st period - Snap shot by Ben Smith.
2:36 of 1st period - Shot Blocked by Cam Janssen.
2:38 of 1st period - Slapshot by Alexander Sulzer.
2:38 of 1st period - Stopped by Joni Ortio without a rebound.
2:39 of 1st period - Ryan Carter wins face-off versus Andrei Loktionov in Staline zone.
2:50 of 1st period - Snap shot by Ryan Carter.
2:50 of 1st period - Deflect By Nick Spaling.
2:50 of 1st period - Shot Misses the Net.
2:50 of 1st period - Puck is out of play.
2:51 of 1st period - Andrei Loktionov wins face-off versus Ryan Carter in Staline zone.
2:56 of 1st period - Snap shot by Andrei Loktionov.
2:56 of 1st period - Deflect By Martins Karsums.
2:56 of 1st period - Stopped by Alex Stalock without a rebound.
2:57 of 1st period - Ryan Carter wins face-off versus Andrei Loktionov in Influenza zone.
3:06 of 1st period - Snap shot by Theo Peckham.
3:06 of 1st period - Shot Misses the Net.
3:23 of 1st period - Icing by Martins Karsums.
3:24 of 1st period - Cody McCormick wins face-off versus James Sheppard in Influenza zone.
3:24 of 1st period - Cody McCormick is hit by Mathieu Perreault.
3:30 of 1st period - Jared Boll is hit by Ryan Russell.
3:34 of 1st period - Wrist shot by Jeremy Morin.
3:34 of 1st period - Stopped by Joni Ortio with a rebound.
3:48 of 1st period - Snap shot by Mathieu Perreault.
3:48 of 1st period - Shot Blocked by Jaime Sifers.
3:59 of 1st period - Minor Penalty to Theo Peckham for Slashing.
4:00 of 1st period - Ryan Carter wins face-off versus Yan Stastny in Staline zone.
4:07 of 1st period - Slapshot by Carl Gunnarsson.
4:07 of 1st period - Stopped by Joni Ortio with a rebound.
4:09 of 1st period - Snap shot by Robbie Earl.
4:09 of 1st period - Shot Misses the Net.
4:25 of 1st period - Cody McCormick is hit by Andrei Loktionov and loses puck.
5:19 of 1st period - Alexander Sulzer is hit by Stu Bickel and loses puck.
5:32 of 1st period - Stu Bickel is hit by Cody McCormick and loses puck.
5:59 of 1st period - Penalty to Theo Peckham is over, Theo Peckham is back on ice.
6:17 of 1st period - Aaron Ness is hit by Corey Tropp and loses puck.
6:32 of 1st period - Icing by Cody McCormick.
6:33 of 1st period - Cody McCormick wins face-off versus Mathieu Perreault in Influenza zone.
6:44 of 1st period - Jeff Petry is hit by James Sheppard and loses puck.
6:57 of 1st period - Ryan Carter is hit by Yan Stastny and loses puck.
7:13 of 1st period - Minor Penalty to Corey Tropp for Holding Stick.
7:14 of 1st period - Yan Stastny wins face-off versus Robbie Earl in Influenza zone.
7:16 of 1st period - Wrist shot by Mason Raymond.
7:16 of 1st period - Shot Misses the Net.
7:18 of 1st period - Snap shot by Cam Janssen.
7:18 of 1st period - Shot Misses the Net.
7:20 of 1st period - Snap shot by Cam Janssen.
7:20 of 1st period - Shot Misses the Net.
7:22 of 1st period - Snap shot by Cam Janssen.
7:22 of 1st period - Shot Blocked by Mathieu Carle.
7:24 of 1st period - Slapshot by Yan Stastny.
7:24 of 1st period - Shot Misses the Net.
7:26 of 1st period - Slapshot by Theo Peckham.
7:26 of 1st period - Stopped by Alex Stalock without a rebound.
7:27 of 1st period - Yan Stastny wins face-off versus Robbie Earl in Influenza zone.
7:30 of 1st period - Snap shot by Yan Stastny.
7:30 of 1st period - Deflect By Robbie Earl.
7:30 of 1st period - Stopped by Alex Stalock with a rebound.
7:32 of 1st period - Slapshot by Theo Peckham.
7:32 of 1st period - Stopped by Alex Stalock without a rebound.
7:33 of 1st period - Robbie Earl wins face-off versus Yan Stastny in Influenza zone.
7:41 of 1st period - Snap shot by Mason Raymond.
7:41 of 1st period - Stopped by Alex Stalock with a rebound.
7:43 of 1st period - Wrist shot by Cam Janssen.
7:43 of 1st period - Shot Misses the Net.
7:45 of 1st period - Snap shot by Cam Janssen.
7:45 of 1st period - Goal by Cam Janssen - Influenza : 0 - Staline : 1.
7:46 of 1st period - Yan Stastny wins face-off versus Ryan Carter in neutral zone.
7:51 of 1st period - Snap shot by Yan Stastny.
7:51 of 1st period - Shot Misses the Net.
7:59 of 1st period - Snap shot by Martins Karsums.
7:59 of 1st period - Stopped by Joni Ortio with a rebound.
8:01 of 1st period - Slapshot by Robbie Earl.
8:01 of 1st period - Shot Misses the Net.
8:33 of 1st period - Jeremy Morin is hit by Nick Spaling and loses puck.
9:01 of 1st period - Snap shot by Martins Karsums.
9:01 of 1st period - Shot Misses the Net.
9:07 of 1st period - Ryan Carter is hit by Greg Pateryn and loses puck.
9:20 of 1st period - Slapshot by Jared Boll.
9:20 of 1st period - Shot Misses the Net.
9:22 of 1st period - Slapshot by James Sheppard.
9:22 of 1st period - Stopped by Alex Stalock without a rebound.
9:23 of 1st period - Jared Boll wins face-off versus Jeremy Morin in Influenza zone.
9:26 of 1st period - Wrist shot by Mathieu Perreault.
9:26 of 1st period - Deflect By Alexander Sulzer.
9:26 of 1st period - Stopped by Alex Stalock with a rebound.
9:36 of 1st period - Backhand shot by Cody McCormick.
9:36 of 1st period - Shot Blocked by Tyler Cuma.
9:38 of 1st period - Slapshot by Mathieu Carle.
9:38 of 1st period - Shot Misses the Net.
10:12 of 1st period - Cam Janssen is hit by Marek Zagrapan.
10:31 of 1st period - Stu Bickel is hit by Ryan Carter.
10:50 of 1st period - Slapshot by Nick Spaling.
10:50 of 1st period - Shot Misses the Net.
10:52 of 1st period - Slapshot by Greg Pateryn.
10:52 of 1st period - Shot Blocked by Ryan Carter.
10:54 of 1st period - Snap shot by Greg Pateryn.
10:54 of 1st period - Shot Blocked by Alexander Sulzer.
11:11 of 1st period - Icing by Mathieu Carle.
11:12 of 1st period - Zac Dalpe wins face-off versus Mathieu Perreault in Influenza zone.
11:12 of 1st period - Zac Dalpe is hit by James Sheppard.
11:22 of 1st period - Wrist shot by Jared Boll.
11:22 of 1st period - Stopped by Alex Stalock with a rebound.
12:06 of 1st period - Eric Wellwood is hit by Zac Rinaldo and loses puck.
12:20 of 1st period - Icing by Michael Raffl.
12:21 of 1st period - Andrei Loktionov wins face-off versus Ryan Carter in Staline zone.
12:56 of 1st period - Wrist shot by Zac Dalpe.
12:56 of 1st period - Shot Misses the Net.
13:02 of 1st period - Minor Penalty to Theo Peckham for Roughing.
13:03 of 1st period - Yan Stastny wins face-off versus Ryan Carter in Staline zone.
15:02 of 1st period - Penalty to Theo Peckham is over, Theo Peckham is back on ice.
15:03 of 1st period - Jeremy Morin is hit by Theo Peckham and loses puck.
15:10 of 1st period - Snap shot by Cam Janssen.
15:10 of 1st period - Shot Misses the Net.
15:12 of 1st period - Snap shot by Cam Janssen.
15:12 of 1st period - Shot Misses the Net.
15:14 of 1st period - Snap shot by Theo Peckham.
15:14 of 1st period - Stopped by Alex Stalock with a rebound.
15:16 of 1st period - Wrist shot by Cam Janssen.
15:16 of 1st period - Stopped by Alex Stalock without a rebound.
15:17 of 1st period - Andrei Loktionov wins face-off versus Marek Zagrapan in Influenza zone.
15:18 of 1st period - Wrist shot by J.T. Wyman.
15:18 of 1st period - Stopped by Alex Stalock without a rebound.
15:19 of 1st period - Marek Zagrapan wins face-off versus Andrei Loktionov in Influenza zone.
15:28 of 1st period - Backhand shot by Nick Spaling.
15:28 of 1st period - Shot Blocked by Eric Wellwood.
15:30 of 1st period - Snap shot by Andrei Loktionov.
15:30 of 1st period - Stopped by Alex Stalock with a rebound.
15:32 of 1st period - Slapshot by J.T. Wyman.
15:32 of 1st period - Shot Misses the Net.
16:27 of 1st period - Snap shot by Michael Raffl.
16:27 of 1st period - Deflect By Danny Kristo.
16:27 of 1st period - Stopped by Alex Stalock with a rebound.
16:29 of 1st period - Snap shot by Aaron Ness.
16:29 of 1st period - Shot Misses the Net.
16:35 of 1st period - Wrist shot by Michael Raffl.
16:35 of 1st period - Shot Blocked by Cody McCormick.
16:45 of 1st period - Snap shot by Marek Zagrapan.
16:45 of 1st period - Deflect By Andrei Loktionov.
16:45 of 1st period - Stopped by Joni Ortio without a rebound.
16:46 of 1st period - Marek Zagrapan wins face-off versus Andrei Loktionov in Staline zone.
16:49 of 1st period - Wrist shot by Marek Zagrapan.
16:49 of 1st period - Shot Blocked by Nick Spaling.
16:59 of 1st period - Wrist shot by Nick Spaling.
16:59 of 1st period - Shot Blocked by Jaime Sifers.
17:30 of 1st period - Wrist shot by Ben Smith.
17:30 of 1st period - Deflect By Pierre-Cédric Labrie.
17:30 of 1st period - Stopped by Joni Ortio with a rebound.
17:32 of 1st period - Slapshot by Jaime Sifers.
17:32 of 1st period - Deflect By Pierre-Cédric Labrie.
17:32 of 1st period - Shot Misses the Net.
17:32 of 1st period - Puck is out of play.
17:33 of 1st period - Zac Dalpe wins face-off versus Mathieu Perreault in Staline zone.
17:38 of 1st period - Backhand shot by Ben Smith.
17:38 of 1st period - Shot Misses the Net.
17:42 of 1st period - Slapshot by Pierre-Cédric Labrie.
17:42 of 1st period - Goal by Pierre-Cédric Labrie - Influenza : 1 - Staline : 1.
17:43 of 1st period - Yan Stastny wins face-off versus Ryan Carter in neutral zone.
17:50 of 1st period - Snap shot by Yan Stastny.
17:50 of 1st period - Stopped by Alex Stalock without a rebound.
17:51 of 1st period - Yan Stastny wins face-off versus Ryan Carter in Influenza zone.
17:57 of 1st period - Minor Penalty to Robbie Earl for Slashing.
17:58 of 1st period - Yan Stastny wins face-off versus Jeremy Morin in Influenza zone.
18:17 of 1st period - Yan Stastny is hit by Ryan Carter and loses puck.
18:48 of 1st period - Mason Raymond is hit by Jaime Sifers.
19:57 of 1st period - Penalty to Robbie Earl is over, Robbie Earl is back on ice.
Goals for this period are 1 for Influenza vs 1 for Staline.
Shots for this period are 7 for Influenza vs 15 for Staline.

2nd period


0:01 of 2nd period - Yan Stastny wins face-off versus Ryan Carter in neutral zone.
0:11 of 2nd period - Wrist shot by Mason Raymond.
0:11 of 2nd period - Stopped by Alex Stalock without a rebound.
0:12 of 2nd period - Ryan Carter wins face-off versus Yan Stastny in Influenza zone.
0:19 of 2nd period - Wrist shot by Martins Karsums.
0:19 of 2nd period - Stopped by Joni Ortio with a rebound.
0:21 of 2nd period - Snap shot by Martins Karsums.
0:21 of 2nd period - Goal by Martins Karsums - Influenza : 2 - Staline : 1.
0:22 of 2nd period - Ryan Carter wins face-off versus Yan Stastny in neutral zone.
0:58 of 2nd period - Wrist shot by Andrei Loktionov.
0:58 of 2nd period - Shot Misses the Net.
1:48 of 2nd period - Slapshot by Cam Janssen.
1:48 of 2nd period - Stopped by Alex Stalock with a rebound.
1:54 of 2nd period - Slapshot by Martins Karsums.
1:54 of 2nd period - Shot Misses the Net.
1:56 of 2nd period - Slapshot by Mathieu Carle.
1:56 of 2nd period - Deflect By Mason Raymond.
1:56 of 2nd period - Stopped by Joni Ortio with a rebound.
1:58 of 2nd period - Wrist shot by Robbie Earl.
1:58 of 2nd period - Stopped by Joni Ortio without a rebound.
1:59 of 2nd period - Andrei Loktionov wins face-off versus Zac Dalpe in Staline zone.
2:05 of 2nd period - Off-side.
2:06 of 2nd period - Zac Dalpe wins face-off versus Nick Spaling in neutral zone.
2:35 of 2nd period - Snap shot by Ryan Russell.
2:35 of 2nd period - Shot Blocked by Torey Krug.
3:02 of 2nd period - Ryan Carter is hit by Tyler Cuma and loses puck.
4:11 of 2nd period - Yan Stastny is hit by Ryan Russell and loses puck.
4:24 of 2nd period - Martins Karsums is hit by Andrei Loktionov and loses puck.
5:05 of 2nd period - Wrist shot by Andrei Loktionov.
5:05 of 2nd period - Stopped by Alex Stalock with a rebound.
5:07 of 2nd period - Slapshot by Tyler Cuma.
5:07 of 2nd period - Stopped by Alex Stalock without a rebound.
5:08 of 2nd period - Andrei Loktionov wins face-off versus Marek Zagrapan in Influenza zone.
5:17 of 2nd period - Snap shot by Andrei Loktionov.
5:17 of 2nd period - Shot Hit the Post.
5:19 of 2nd period - Snap shot by Nick Spaling.
5:19 of 2nd period - Shot Blocked by Alexander Sulzer.
5:21 of 2nd period - Slapshot by J.T. Wyman.
5:21 of 2nd period - Stopped by Alex Stalock without a rebound.
5:22 of 2nd period - Yan Stastny wins face-off versus Ryan Carter in Influenza zone.
5:29 of 2nd period - Snap shot by Ryan Carter.
5:29 of 2nd period - Shot Misses the Net.
5:31 of 2nd period - Slapshot by Ryan Carter.
5:31 of 2nd period - Goal by Ryan Carter - Influenza : 3 - Staline : 1.
5:32 of 2nd period - Yan Stastny wins face-off versus Ryan Carter in neutral zone.
5:47 of 2nd period - Wrist shot by Martins Karsums.
5:47 of 2nd period - Stopped by Joni Ortio with a rebound.
6:08 of 2nd period - Ben Smith is hit by Andrei Loktionov and loses puck.
6:26 of 2nd period - Slapshot by Jared Boll.
6:26 of 2nd period - Stopped by Alex Stalock without a rebound.
6:27 of 2nd period - Ryan Carter wins face-off versus Yan Stastny in Influenza zone.
6:31 of 2nd period - Off-side.
6:32 of 2nd period - Yan Stastny wins face-off versus Ryan Carter in neutral zone.
6:39 of 2nd period - Snap shot by Martins Karsums.
6:39 of 2nd period - Stopped by Joni Ortio with a rebound.
6:41 of 2nd period - Wrist shot by Alexander Sulzer.
6:41 of 2nd period - Stopped by Joni Ortio with a rebound.
6:47 of 2nd period - Snap shot by Ryan Carter.
6:47 of 2nd period - Shot Misses the Net.
6:59 of 2nd period - Snap shot by Mathieu Carle.
6:59 of 2nd period - Deflect By Tyler Cuma.
6:59 of 2nd period - Stopped by Joni Ortio with a rebound.
7:01 of 2nd period - Wrist shot by Mathieu Carle.
7:01 of 2nd period - Stopped by Joni Ortio without a rebound.
7:02 of 2nd period - Zac Dalpe wins face-off versus Andrei Loktionov in Staline zone.
7:08 of 2nd period - Off-side.
7:09 of 2nd period - Pierre-Cédric Labrie wins face-off versus Yan Stastny in neutral zone.
7:34 of 2nd period - Slapshot by Nick Spaling.
7:34 of 2nd period - Shot Misses the Net.
7:36 of 2nd period - Snap shot by Nick Spaling.
7:36 of 2nd period - Shot Blocked by Martins Karsums.
7:38 of 2nd period - Slapshot by Andrei Loktionov.
7:38 of 2nd period - Goal by Andrei Loktionov - Influenza : 3 - Staline : 2.
7:39 of 2nd period - Yan Stastny wins face-off versus Ryan Carter in neutral zone.
7:52 of 2nd period - Slapshot by Ryan Carter.
7:52 of 2nd period - Shot Misses the Net.
7:54 of 2nd period - Wrist shot by Mathieu Carle.
7:54 of 2nd period - Shot Blocked by Theo Peckham.
8:50 of 2nd period - Mathieu Carle is hit by Yan Stastny and loses puck.
9:03 of 2nd period - Slapshot by Yan Stastny.
9:03 of 2nd period - Stopped by Alex Stalock with a rebound.
9:05 of 2nd period - Wrist shot by Cam Janssen.
9:05 of 2nd period - Goal by Cam Janssen - Influenza : 3 - Staline : 3.
9:06 of 2nd period - Andrei Loktionov wins face-off versus Ryan Carter in neutral zone.
9:23 of 2nd period - Minor Penalty to Stu Bickel for Tripping.
9:24 of 2nd period - Yan Stastny wins face-off versus Ryan Carter in Staline zone.
11:12 of 2nd period - Ryan Carter is hit by Theo Peckham and loses puck.
11:23 of 2nd period - Penalty to Stu Bickel is over, Stu Bickel is back on ice.
12:44 of 2nd period - Jeremy Morin is hit by Tyler Cuma and loses puck.
13:10 of 2nd period - Snap shot by Mason Raymond.
13:10 of 2nd period - Shot Misses the Net.
14:37 of 2nd period - Wrist shot by Jaime Sifers.
14:37 of 2nd period - Shot Hit the Post.
14:51 of 2nd period - Wrist shot by Tyler Cuma.
14:51 of 2nd period - Shot Blocked by Jaime Sifers.
14:53 of 2nd period - Snap shot by James Sheppard.
14:53 of 2nd period - Deflect By Marek Zagrapan.
14:53 of 2nd period - Stopped by Alex Stalock without a rebound.
14:54 of 2nd period - Mathieu Perreault wins face-off versus Martins Karsums in Influenza zone.
14:55 of 2nd period - Snap shot by Jared Boll.
14:55 of 2nd period - Stopped by Alex Stalock with a rebound.
14:57 of 2nd period - Slapshot by Tyler Cuma.
14:57 of 2nd period - Shot Misses the Net.
14:59 of 2nd period - Snap shot by Jared Boll.
14:59 of 2nd period - Stopped by Alex Stalock with a rebound.
15:01 of 2nd period - Snap shot by Jared Boll.
15:01 of 2nd period - Shot Blocked by Colby Robak.
15:03 of 2nd period - Wrist shot by James Sheppard.
15:03 of 2nd period - Deflect By Mathieu Perreault.
15:03 of 2nd period - Stopped by Alex Stalock with a rebound.
15:05 of 2nd period - Wrist shot by Mathieu Perreault.
15:05 of 2nd period - Goal by Mathieu Perreault - Influenza : 3 - Staline : 4.
15:06 of 2nd period - Cam Janssen wins face-off versus Robbie Earl in neutral zone.
15:19 of 2nd period - Wrist shot by Robbie Earl.
15:19 of 2nd period - Shot Misses the Net.
15:21 of 2nd period - Wrist shot by Martins Karsums.
15:21 of 2nd period - Shot Misses the Net.
15:40 of 2nd period - Backhand shot by Alexander Sulzer.
15:40 of 2nd period - Stopped by Joni Ortio with a rebound.
17:40 of 2nd period - Ryan Carter is hit by Aaron Ness and loses puck.
17:59 of 2nd period - Minor Penalty to Corey Tropp for Holding.
18:00 of 2nd period - Robbie Earl wins face-off versus Yan Stastny in Influenza zone.
18:09 of 2nd period - Slapshot by Stu Bickel.
18:09 of 2nd period - Shot Blocked by Mathieu Carle.
18:11 of 2nd period - Snap shot by Theo Peckham.
18:11 of 2nd period - Shot Blocked by Alexander Sulzer.
18:13 of 2nd period - Slapshot by Theo Peckham.
18:13 of 2nd period - Shot Blocked by Alexander Sulzer.
18:15 of 2nd period - Slapshot by Stu Bickel.
18:15 of 2nd period - Shot Misses the Net.
18:29 of 2nd period - Alexander Sulzer is hit by Andrei Loktionov and loses puck.
18:44 of 2nd period - Slapshot by Alexander Sulzer.
18:44 of 2nd period - Stopped by Joni Ortio without a rebound.
18:45 of 2nd period - Martins Karsums wins face-off versus Yan Stastny in Staline zone.
18:52 of 2nd period - Wrist shot by Martins Karsums.
18:52 of 2nd period - Shot Misses the Net.
18:54 of 2nd period - Snap shot by Carl Gunnarsson.
18:54 of 2nd period - Stopped by Joni Ortio without a rebound.
18:55 of 2nd period - Robbie Earl wins face-off versus Yan Stastny in Staline zone.
19:59 of 2nd period - Penalty to Corey Tropp is over, Corey Tropp is back on ice.
Goals for this period are 2 for Influenza vs 3 for Staline.
Shots for this period are 13 for Influenza vs 14 for Staline.

3rd period


0:01 of 3rd period - Yan Stastny wins face-off versus Ryan Carter in neutral zone.
0:01 of 3rd period - Theo Peckham is hit by Mathieu Carle.
0:03 of 3rd period - Wrist shot by Yan Stastny.
0:03 of 3rd period - Shot Misses the Net.
0:05 of 3rd period - Slapshot by Stu Bickel.
0:05 of 3rd period - Stopped by Alex Stalock without a rebound.
0:06 of 3rd period - Yan Stastny wins face-off versus Ryan Carter in Influenza zone.
0:07 of 3rd period - Snap shot by Mason Raymond.
0:07 of 3rd period - Shot Blocked by Ryan Carter.
0:09 of 3rd period - Snap shot by Mason Raymond.
0:09 of 3rd period - Stopped by Alex Stalock without a rebound.
0:10 of 3rd period - Ryan Carter wins face-off versus Yan Stastny in Influenza zone.
0:10 of 3rd period - Ryan Carter is hit by Yan Stastny.
0:40 of 3rd period - Wrist shot by Martins Karsums.
0:40 of 3rd period - Shot Misses the Net.
0:48 of 3rd period - Icing by Alexander Sulzer.
0:49 of 3rd period - Ryan Carter wins face-off versus Andrei Loktionov in Influenza zone.
1:00 of 3rd period - Snap shot by Ryan Carter.
1:00 of 3rd period - Shot Misses the Net.
1:18 of 3rd period - Slapshot by Mathieu Carle.
1:18 of 3rd period - Stopped by Joni Ortio with a rebound.
2:00 of 3rd period - Icing by Cam Janssen.
2:01 of 3rd period - Cody McCormick wins face-off versus Yan Stastny in Staline zone.
2:04 of 3rd period - Slapshot by Cody McCormick.
2:04 of 3rd period - Stopped by Joni Ortio with a rebound.
3:29 of 3rd period - Minor Penalty to Yan Stastny for High sticking.
3:30 of 3rd period - Ryan Carter wins face-off versus Michael Raffl in Staline zone.
3:55 of 3rd period - Michael Raffl is hit by Mathieu Carle and loses puck.
4:16 of 3rd period - Snap shot by Michael Raffl.
4:16 of 3rd period - Shot Misses the Net.
5:00 of 3rd period - Tyler Cuma is hit by Robbie Earl and loses puck.
5:29 of 3rd period - Penalty to Yan Stastny is over, Yan Stastny is back on ice.
5:39 of 3rd period - Carl Gunnarsson is hit by James Sheppard and loses puck.
5:48 of 3rd period - Mathieu Perreault is hit by Jaime Sifers.
6:02 of 3rd period - Jeremy Morin is hit by Aaron Ness and loses puck.
6:39 of 3rd period - Corey Tropp is hit by Andrei Loktionov.
7:25 of 3rd period - Tyler Cuma is hit by Mathieu Carle and loses puck.
7:45 of 3rd period - Minor Penalty to Mathieu Perreault for Delaying the game.
7:46 of 3rd period - Yan Stastny wins face-off versus Ryan Carter in Staline zone.
7:53 of 3rd period - Snap shot by Martins Karsums.
7:53 of 3rd period - Stopped by Joni Ortio without a rebound.
7:54 of 3rd period - Ryan Carter wins face-off versus Yan Stastny in Staline zone.
7:59 of 3rd period - Wrist shot by Mathieu Carle.
7:59 of 3rd period - Deflect By Ryan Carter.
7:59 of 3rd period - Shot Misses the Net.
7:59 of 3rd period - Puck is out of play.
8:00 of 3rd period - Yan Stastny wins face-off versus Ryan Carter in Staline zone.
8:00 of 3rd period - Yan Stastny is hit by Alexander Sulzer.
8:10 of 3rd period - Wrist shot by Robbie Earl.
8:10 of 3rd period - Shot Misses the Net.
8:12 of 3rd period - Slapshot by Alexander Sulzer.
8:12 of 3rd period - Deflect By Ryan Carter.
8:12 of 3rd period - Stopped by Joni Ortio with a rebound.
8:14 of 3rd period - Wrist shot by Robbie Earl.
8:14 of 3rd period - Stopped by Joni Ortio without a rebound.
8:15 of 3rd period - Ryan Carter wins face-off versus Yan Stastny in Staline zone.
8:49 of 3rd period - Slapshot by Carl Gunnarsson.
8:49 of 3rd period - Shot Misses the Net.
9:45 of 3rd period - Penalty to Mathieu Perreault is over, Mathieu Perreault is back on ice.
10:12 of 3rd period - Minor Penalty to Eric Wellwood for Hooking.
10:13 of 3rd period - Andrei Loktionov wins face-off versus Ryan Carter in Influenza zone.
10:50 of 3rd period - Slapshot by Tyler Cuma.
10:50 of 3rd period - Stopped by Alex Stalock without a rebound.
10:51 of 3rd period - Yan Stastny wins face-off versus Robbie Earl in Influenza zone.
10:54 of 3rd period - Slapshot by Yan Stastny.
10:54 of 3rd period - Stopped by Alex Stalock with a rebound.
10:56 of 3rd period - Wrist shot by Mason Raymond.
10:56 of 3rd period - Shot Blocked by Robbie Earl.
10:58 of 3rd period - Slapshot by Cam Janssen.
10:58 of 3rd period - Shot Blocked by Ryan Carter.
12:12 of 3rd period - Penalty to Eric Wellwood is over, Eric Wellwood is back on ice.
12:20 of 3rd period - Snap shot by Pierre-Cédric Labrie.
12:20 of 3rd period - Stopped by Joni Ortio with a rebound.
13:15 of 3rd period - Snap shot by Jared Boll.
13:15 of 3rd period - Stopped by Alex Stalock without a rebound.
13:16 of 3rd period - Ryan Carter wins face-off versus Yan Stastny in Influenza zone.
13:31 of 3rd period - Backhand shot by Cam Janssen.
13:31 of 3rd period - Stopped by Alex Stalock without a rebound.
13:32 of 3rd period - Andrei Loktionov wins face-off versus Pierre-Cédric Labrie in Influenza zone.
13:35 of 3rd period - Slapshot by Nick Spaling.
13:35 of 3rd period - Stopped by Alex Stalock without a rebound.
13:36 of 3rd period - Zac Dalpe wins face-off versus Andrei Loktionov in Influenza zone.
13:51 of 3rd period - Snap shot by Zac Dalpe.
13:51 of 3rd period - Shot Misses the Net.
14:09 of 3rd period - Wrist shot by Jeremy Morin.
14:09 of 3rd period - Deflect By Nick Spaling.
14:09 of 3rd period - Shot Blocked by Nick Spaling.
14:09 of 3rd period - Puck is out of play.
14:10 of 3rd period - Ryan Carter wins face-off versus Yan Stastny in Staline zone.
14:13 of 3rd period - Snap shot by Robbie Earl.
14:13 of 3rd period - Stopped by Joni Ortio with a rebound.
15:03 of 3rd period - Snap shot by Danny Kristo.
15:03 of 3rd period - Stopped by Alex Stalock with a rebound.
15:30 of 3rd period - Minor Penalty to Andrei Loktionov for Elbowing.
15:31 of 3rd period - Yan Stastny wins face-off versus Ryan Carter in Staline zone.
15:35 of 3rd period - Snap shot by Ryan Carter.
15:35 of 3rd period - Shot Blocked by Cam Janssen.
15:37 of 3rd period - Slapshot by Alexander Sulzer.
15:37 of 3rd period - Shot Blocked by Cam Janssen.
15:39 of 3rd period - Slapshot by Alexander Sulzer.
15:39 of 3rd period - Shot Blocked by Yan Stastny.
16:11 of 3rd period - Cam Janssen is hit by Ben Smith and loses puck.
17:30 of 3rd period - Penalty to Andrei Loktionov is over, Andrei Loktionov is back on ice.
17:41 of 3rd period - Icing by J.T. Wyman.
17:42 of 3rd period - Andrei Loktionov wins face-off versus Marek Zagrapan in Staline zone.
17:42 of 3rd period - Andrei Loktionov is hit by Marek Zagrapan.
18:17 of 3rd period - Icing by Nick Spaling.
18:18 of 3rd period - Yan Stastny wins face-off versus Zac Dalpe in Staline zone.
18:38 of 3rd period - Slapshot by James Sheppard.
18:38 of 3rd period - Stopped by Alex Stalock with a rebound.
18:44 of 3rd period - Snap shot by Mathieu Perreault.
18:44 of 3rd period - Goal by Mathieu Perreault - Influenza : 3 - Staline : 5.
18:45 of 3rd period - Mathieu Perreault wins face-off versus Cody McCormick in neutral zone.
19:16 of 3rd period - Snap shot by Ryan Carter.
19:16 of 3rd period - Shot Blocked by Danny Kristo.
19:20 of 3rd period - Slapshot by Martins Karsums.
19:20 of 3rd period - Shot Blocked by Danny Kristo.
Goals for this period are 0 for Influenza vs 1 for Staline.
Shots for this period are 7 for Influenza vs 10 for Staline.


Output by the SimonT Hockey Simulator (STHS) for François Prévost -- Original Page W3C XHTML 1.0 Valid
Hockey Simulator - Hockey Simulation - Hockey Manager